Senators vs Canucks

Created - February 2 2011 at 17:52

Goals
1 2 3 T
Senators 2 1 2 5
Canucks 0 3 0 3
Shots
1 2 3 T
Senators 17 11 8 36
Canucks 9 8 13 30

Period #1

1. Senators , Marian Gaborik 32 (Jason Spezza, Dion Phaneuf) at 0:17
2. Senators , Jason Spezza 22 (Filip Kuba, Brian Elliott) at 7:42 (PP)

Penalties :
Jay Bouwmeester (OTT) for Holding (Minor) at 1:48, Erik Karlsson (VAN) for Holding (Minor) at 6:27, Jay Bouwmeester (OTT) for Interference (Minor) at 10:36

Period #2

3. Canucks , Brandon Sutter 15 (Corey Perry) at 3:33
4. Canucks , David Backes 16 (Joe Thornton, Mike Komisarek) at 17:37
5. Senators , Jason Spezza 23 (Marian Gaborik) at 17:43
6. Canucks , Tomas Holmstrom 13 (Loui Eriksson, Joe Thornton) at 17:47

Penalties :
Milan Lucic (VAN) for Fighting (Major) at 2:32, Dion Phaneuf (OTT) for Fighting (Major) at 2:32, Duncan Keith (VAN) for Hooking (Minor) at 10:16

Period #3

7. Senators , Milan Michalek 14 (Marian Gaborik, Jason Spezza) at 3:59
8. Senators , Daniel Briere 21 (Guillaume Latendresse, Jason Spezza) at 19:29 (Empty Net)

Penalties :
Milan Michalek (OTT) for Hooking (Minor) at 10:32, Jaroslav Spacek (OTT) for Interference (Minor) at 14:03, Mike Komisarek (VAN) for Interference (Minor) at 16:22

Goalie Stats

Brian Elliott (OTT), 27 saves from 30 shots - (0.900), W, 4-5-1, 60:00 minutes
Jason LaBarbera (VAN), 25 saves from 27 shots - (0.926), L, 13-8-2, 51:52 minutes
Henrik Lundqvist (VAN), 6 saves from 8 shots - (0.750), 7:42 minutes

Players Stats

Senators
Player Name              G  A  P  +/- PIM S  H  SB FO    MP 
------------------------------------------------------------
Chris Stewart            0  0  0  -1  0   0  1  0  1/2   12 
Daniel Briere            1  0  1   0  0   3  1  1  0/0   20 
David Jones              0  0  0  -1  0   1  0  0  0/0   12 
David Steckel            0  0  0   0  0   0  1  0  8/14  10 
Dion Phaneuf             0  1  1   2  5   3  3  3  0/0   19 
Filip Kuba               0  1  1   0  0   0  3  0  0/0   21 
Guillaume Latendresse    0  1  1   0  0   0  0  0  0/1   18 
Jaroslav Spacek          0  0  0  -1  2   1  1  1  0/0   18 
Jason Spezza             2  3  5   3  0   13 0  0  15/24 16 
Jay Bouwmeester          0  0  0   0  4   1  3  0  0/0   22 
Jordan Staal             0  0  0  -1  0   1  2  0  11/22 13 
Karlis Skrastins         0  0  0  -1  0   0  4  0  0/0   19 
Marian Gaborik           1  2  3   2  0   4  1  0  0/3   17 
Milan Michalek           1  0  1   2  2   2  1  0  0/1   18 
Patrick Dwyer            0  0  0   0  0   2  1  0  0/0   10 
Sergei Kostitsyn         0  0  0   0  0   0  0  0  0/0   6  
Sidney Crosby            0  0  0  -1  0   3  1  0  9/23  21 
Trevor Daley             0  0  0   2  0   2  0  2  0/0   19 
Canucks
Player Name              G  A  P  +/- PIM S  H  SB FO    MP 
------------------------------------------------------------
Brandon Sutter           1  0  1  -1  0   3  0  0  9/16  16 
Brooks Laich             0  0  0  -1  0   6  0  0  1/4   19 
Corey Perry              0  1  1  -2  0   2  0  0  2/4   22 
David Backes             1  0  1   0  0   3  4  1  0/1   18 
Dmitry Kulikov           0  0  0   0  0   0  0  1  0/0   5  
Duncan Keith             0  0  0  -1  2   1  0  1  0/0   22 
Erik Karlsson            0  0  0  -1  2   0  1  0  0/0   17 
Fedor Tyutin             0  0  0   1  0   0  1  1  0/0   17 
Ian White                0  0  0  -1  0   1  2  1  0/0   21 
Jay McClement            0  0  0   0  0   2  0  0  7/15  8  
Joe Thornton             0  2  2   1  0   4  3  0  13/26 21 
Loui Eriksson            0  1  1   0  0   4  1  0  0/2   20 
Martin Hanzal            0  0  0   0  0   1  1  1  14/22 19 
Matthew Carle            0  0  0  -1  0   0  0  2  0/0   22 
Mike Komisarek           0  1  1   1  2   0  2  2  0/0   15 
Milan Lucic              0  0  0   0  5   1  0  0  0/0   16 
Tomas Holmstrom          1  0  1   0  0   2  2  0  0/0   16 
Valtteri Filppula        0  0  0   0  0   0  0  0  0/0   0  

3 Stars

1 - Jason Spezza (OTT)
2 - Marian Gaborik (OTT)
3 - Joe Thornton (VAN)

Power Play

Senators - 1 on 3 Attempt(s) - 33.33%
Canucks - 0 on 4 Attempt(s) - 0.00%

Penalty Kill

Senators - 4 on 4 Attempt(s) - 100.00% - Score 0 goal in Penalty Kill
Canucks - 2 on 3 Attempt(s) - 66.67% - Score 0 goal in Penalty Kill

Game Notes

Valtteri Filppula is injured at 1:07 of 1st period (Back)
Jason LaBarbera enters game at 7:42 of 1st period
Milan Lucic and Dion Phaneuf fight to a draw at 2:32 of 2nd period
Daniel Briere has scored in a empty net!

Finance

Level 1 -- Attendance: 6500 (100.00%) -- Ticket Income $520,000.00
Level 2 -- Attendance: 3745 (74.90%) -- Ticket Income $243,425.00
Level 3 -- Attendance: 1832 (52.34%) -- Ticket Income $91,600.00
Level 4 -- Attendance: 1690 (64.26%) -- Ticket Income $42,250.00
Luxury Box -- Attendance: 585 (58.50%) -- Ticket Income $146,250.00
Game was played at the General Motors Place
Total Attendance: 14352 (77.04%)
Total Ticket Income: $1,054,403.00
Other Income: $204,969.60
Total Income: $1,259,372.00


Play by Play

Period #1

0:01 of 1st period - Joe Thornton wins face-off versus Sidney Crosby in neutral zone.
0:03 of 1st period - Off-side.
0:04 of 1st period - Jason Spezza wins face-off versus Brandon Sutter in neutral zone.
0:09 of 1st period - Shot by Jason Spezza.
0:09 of 1st period - Stopped by Henrik Lundqvist with a rebound.
0:15 of 1st period - Shot by Marian Gaborik.
0:15 of 1st period - Stopped by Henrik Lundqvist with a rebound.
0:17 of 1st period - Shot by Marian Gaborik.
0:17 of 1st period - Goal by Marian Gaborik - Senators : 1 - Canucks : 0.
0:18 of 1st period - Sidney Crosby wins face-off versus Joe Thornton in neutral zone.
0:35 of 1st period - Shot by Joe Thornton.
0:35 of 1st period - Stopped by Brian Elliott without a rebound.
0:36 of 1st period - Jason Spezza wins face-off versus Brooks Laich in Senators zone.
0:54 of 1st period - Shot by Jason Spezza.
0:54 of 1st period - Stopped by Henrik Lundqvist without a rebound.
0:55 of 1st period - Martin Hanzal wins face-off versus Jordan Staal in Canucks zone.
0:55 of 1st period - Martin Hanzal is hit by Jordan Staal.
1:06 of 1st period - Valtteri Filppula is hit by Karlis Skrastins and loses puck.
1:07 of 1st period - Valtteri Filppula from Canucks is injured at 1:07 of 1st period (Back).
1:08 of 1st period - Joe Thornton wins face-off versus Sidney Crosby in Senators zone.
1:31 of 1st period - Shot by Sidney Crosby.
1:31 of 1st period - Stopped by Henrik Lundqvist with a rebound.
1:40 of 1st period - Loui Eriksson is hit by Jay Bouwmeester and loses puck.
1:48 of 1st period - Minor Penalty to Jay Bouwmeester for Holding.
1:49 of 1st period - Joe Thornton wins face-off versus Jordan Staal in Senators zone.
2:01 of 1st period - Shot by Joe Thornton.
2:01 of 1st period - Stopped by Brian Elliott without a rebound.
2:02 of 1st period - Brandon Sutter wins face-off versus Jordan Staal in Senators zone.
2:07 of 1st period - Shot by Brooks Laich.
2:07 of 1st period - Stopped by Brian Elliott without a rebound.
2:08 of 1st period - David Steckel wins face-off versus Brandon Sutter in Senators zone.
2:29 of 1st period - Brooks Laich is hit by David Steckel and loses puck.
2:35 of 1st period - Matthew Carle is hit by Dion Phaneuf and loses puck.
3:05 of 1st period - Off-side.
3:06 of 1st period - Joe Thornton wins face-off versus Jordan Staal in neutral zone.
4:16 of 1st period - Shot by Daniel Briere.
4:16 of 1st period - Shot Misses the Net.
4:20 of 1st period - Shot by Sidney Crosby.
4:20 of 1st period - Stopped by Henrik Lundqvist without a rebound.
4:21 of 1st period - Jason Spezza wins face-off versus Jay McClement in Canucks zone.
5:33 of 1st period - Off-side.
5:34 of 1st period - Joe Thornton wins face-off versus Sidney Crosby in neutral zone.
6:08 of 1st period - Shot by Sidney Crosby.
6:08 of 1st period - Deflect By Daniel Briere.
6:08 of 1st period - Stopped by Henrik Lundqvist without a rebound.
6:09 of 1st period - Brooks Laich wins face-off versus Jordan Staal in Canucks zone.
6:27 of 1st period - Minor Penalty to Erik Karlsson for Holding.
6:28 of 1st period - Jay McClement wins face-off versus Sidney Crosby in Canucks zone.
7:42 of 1st period - Shot by Jason Spezza.
7:42 of 1st period - Goal by Jason Spezza - Senators : 2 - Canucks : 0.
7:42 of 1st period - Jason LaBarbera enters game.
7:43 of 1st period - Brandon Sutter wins face-off versus David Steckel in neutral zone.
8:56 of 1st period - Shot by Jason Spezza.
8:56 of 1st period - Stopped by Jason LaBarbera with a rebound.
8:58 of 1st period - Shot by Dion Phaneuf.
8:58 of 1st period - Stopped by Jason LaBarbera with a rebound.
9:00 of 1st period - Shot by Milan Michalek.
9:00 of 1st period - Stopped by Jason LaBarbera without a rebound.
9:01 of 1st period - Sidney Crosby wins face-off versus Martin Hanzal in Canucks zone.
9:01 of 1st period - Sidney Crosby is hit by Mike Komisarek.
9:29 of 1st period - Shot by Milan Lucic.
9:29 of 1st period - Stopped by Brian Elliott without a rebound.
9:30 of 1st period - Jay McClement wins face-off versus Jordan Staal in Senators zone.
9:51 of 1st period - Shot by Corey Perry.
9:51 of 1st period - Stopped by Brian Elliott without a rebound.
9:52 of 1st period - Joe Thornton wins face-off versus Jason Spezza in Senators zone.
9:53 of 1st period - Shot by Loui Eriksson.
9:53 of 1st period - Stopped by Brian Elliott with a rebound.
10:07 of 1st period - Shot by Jason Spezza.
10:07 of 1st period - Stopped by Jason LaBarbera without a rebound.
10:08 of 1st period - Martin Hanzal wins face-off versus Sidney Crosby in Canucks zone.
10:36 of 1st period - Minor Penalty to Jay Bouwmeester for Interference.
10:37 of 1st period - Jordan Staal wins face-off versus Corey Perry in Senators zone.
10:55 of 1st period - Icing by Loui Eriksson.
10:56 of 1st period - Jordan Staal wins face-off versus Loui Eriksson in Canucks zone.
11:15 of 1st period - Shot by Loui Eriksson.
11:15 of 1st period - Stopped by Brian Elliott without a rebound.
11:16 of 1st period - Jordan Staal wins face-off versus Brandon Sutter in Senators zone.
11:43 of 1st period - Shot by Ian White.
11:43 of 1st period - Stopped by Brian Elliott with a rebound.
11:45 of 1st period - Shot by David Backes.
11:45 of 1st period - Stopped by Brian Elliott without a rebound.
11:46 of 1st period - Jordan Staal wins face-off versus Martin Hanzal in Senators zone.
11:52 of 1st period - Icing by Erik Karlsson.
11:53 of 1st period - Martin Hanzal wins face-off versus Jordan Staal in Canucks zone.
12:54 of 1st period - Shot by Sidney Crosby.
12:54 of 1st period - Shot Blocked by David Backes.
12:59 of 1st period - Off-side.
13:00 of 1st period - Joe Thornton wins face-off versus Marian Gaborik in neutral zone.
13:02 of 1st period - Matthew Carle is hit by Dion Phaneuf and loses puck.
13:21 of 1st period - Shot by Marian Gaborik.
13:21 of 1st period - Deflect By Jason Spezza.
13:21 of 1st period - Shot Misses the Net.
13:35 of 1st period - Shot by Jason Spezza.
13:35 of 1st period - Stopped by Jason LaBarbera without a rebound.
13:36 of 1st period - Sidney Crosby wins face-off versus Martin Hanzal in Canucks zone.
13:46 of 1st period - Icing by Fedor Tyutin.
13:47 of 1st period - Martin Hanzal wins face-off versus Jordan Staal in Canucks zone.
14:22 of 1st period - Shot by David Jones.
14:22 of 1st period - Stopped by Jason LaBarbera without a rebound.
14:23 of 1st period - Brandon Sutter wins face-off versus Sidney Crosby in Canucks zone.
14:25 of 1st period - Corey Perry is hit by Daniel Briere and loses puck.
14:47 of 1st period - Brandon Sutter is hit by Filip Kuba and loses puck.
14:59 of 1st period - Corey Perry is hit by Filip Kuba and loses puck.
15:18 of 1st period - Icing by Ian White.
15:19 of 1st period - Joe Thornton wins face-off versus Jason Spezza in Canucks zone.
15:24 of 1st period - Dion Phaneuf is hit by Joe Thornton and loses puck.
16:38 of 1st period - Shot by Jordan Staal.
16:38 of 1st period - Shot Blocked by Mike Komisarek.
17:07 of 1st period - Shot by Daniel Briere.
17:07 of 1st period - Shot Misses the Net.
17:09 of 1st period - Shot by Guillaume Latendresse.
17:09 of 1st period - Shot Misses the Net.
17:11 of 1st period - Shot by Sidney Crosby.
17:11 of 1st period - Shot Blocked by Duncan Keith.
17:13 of 1st period - Shot by Jay Bouwmeester.
17:13 of 1st period - Stopped by Jason LaBarbera without a rebound.
17:14 of 1st period - Jay McClement wins face-off versus David Steckel in Canucks zone.
17:14 of 1st period - Jay McClement is hit by Patrick Dwyer.
17:32 of 1st period - Shot by Patrick Dwyer.
17:32 of 1st period - Stopped by Jason LaBarbera without a rebound.
17:33 of 1st period - Sidney Crosby wins face-off versus Loui Eriksson in Canucks zone.
18:13 of 1st period - Off-side.
18:14 of 1st period - Martin Hanzal wins face-off versus Milan Michalek in neutral zone.
18:40 of 1st period - Martin Hanzal is hit by Dion Phaneuf and loses puck.
18:46 of 1st period - Icing by Jason Spezza.
18:47 of 1st period - Jason Spezza wins face-off versus Jay McClement in Senators zone.
19:23 of 1st period - Shot by Jordan Staal.
19:23 of 1st period - Shot Misses the Net.
19:25 of 1st period - Shot by Jordan Staal.
19:25 of 1st period - Stopped by Jason LaBarbera without a rebound.
19:26 of 1st period - Joe Thornton wins face-off versus Sidney Crosby in Canucks zone.
19:26 of 1st period - Joe Thornton is hit by Sidney Crosby.

Period #2

0:01 of 2nd period - Sidney Crosby wins face-off versus Joe Thornton in neutral zone.
0:16 of 2nd period - Shot by Loui Eriksson.
0:16 of 2nd period - Shot Misses the Net.
0:20 of 2nd period - Shot by Joe Thornton.
0:20 of 2nd period - Stopped by Brian Elliott without a rebound.
0:21 of 2nd period - Jason Spezza wins face-off versus Brandon Sutter in Senators zone.
1:44 of 2nd period - Shot by Daniel Briere.
1:44 of 2nd period - Stopped by Jason LaBarbera without a rebound.
1:45 of 2nd period - Martin Hanzal wins face-off versus Jordan Staal in Canucks zone.
2:24 of 2nd period - Shot by David Jones.
2:24 of 2nd period - Shot Misses the Net.
2:27 of 2nd period - Icing by Mike Komisarek.
2:28 of 2nd period - Jason Spezza wins face-off versus Martin Hanzal in Canucks zone.
2:32 of 2nd period - Milan Lucic and Dion Phaneuf fight to a draw.
2:32 of 2nd period - Penalty to Milan Lucic for Fighting.
2:32 of 2nd period - Penalty to Dion Phaneuf for Fighting.
2:33 of 2nd period - Sidney Crosby wins face-off versus Joe Thornton in Canucks zone.
3:31 of 2nd period - Icing by Jay Bouwmeester.
3:32 of 2nd period - Brandon Sutter wins face-off versus Sidney Crosby in Senators zone.
3:33 of 2nd period - Shot by Corey Perry.
3:33 of 2nd period - Deflect By Brandon Sutter.
3:33 of 2nd period - Goal by Brandon Sutter - Senators : 2 - Canucks : 1.
3:34 of 2nd period - Jason Spezza wins face-off versus Brandon Sutter in neutral zone.
4:24 of 2nd period - Corey Perry is hit by Jay Bouwmeester and loses puck.
4:59 of 2nd period - Icing by Mike Komisarek.
5:00 of 2nd period - David Steckel wins face-off versus Martin Hanzal in Canucks zone.
5:28 of 2nd period - Loui Eriksson is hit by Karlis Skrastins and loses puck.
6:07 of 2nd period - Ian White is hit by Milan Michalek and loses puck.
6:13 of 2nd period - Jason Spezza is hit by Ian White and loses puck.
7:07 of 2nd period - Shot by Jay McClement.
7:07 of 2nd period - Stopped by Brian Elliott without a rebound.
7:08 of 2nd period - Joe Thornton wins face-off versus David Steckel in Senators zone.
7:09 of 2nd period - Shot by Brooks Laich.
7:09 of 2nd period - Stopped by Brian Elliott without a rebound.
7:10 of 2nd period - David Steckel wins face-off versus Brooks Laich in Senators zone.
7:10 of 2nd period - David Steckel is hit by Joe Thornton.
7:23 of 2nd period - Icing by David Backes.
7:24 of 2nd period - Jason Spezza wins face-off versus Joe Thornton in Canucks zone.
7:54 of 2nd period - Shot by Jason Spezza.
7:54 of 2nd period - Stopped by Jason LaBarbera without a rebound.
7:55 of 2nd period - David Steckel wins face-off versus Jay McClement in Canucks zone.
8:00 of 2nd period - Shot by David Steckel.
8:00 of 2nd period - Shot Blocked by Dmitry Kulikov.
8:02 of 2nd period - Shot by David Steckel.
8:02 of 2nd period - Shot Misses the Net.
8:04 of 2nd period - Shot by Patrick Dwyer.
8:04 of 2nd period - Stopped by Jason LaBarbera without a rebound.
8:05 of 2nd period - Sidney Crosby wins face-off versus Joe Thornton in Canucks zone.
8:10 of 2nd period - Shot by Daniel Briere.
8:10 of 2nd period - Shot Blocked by Matthew Carle.
8:19 of 2nd period - Sidney Crosby is hit by Ian White and loses puck.
8:45 of 2nd period - Icing by Joe Thornton.
8:46 of 2nd period - Jason Spezza wins face-off versus Joe Thornton in Canucks zone.
9:15 of 2nd period - Shot by Jason Spezza.
9:15 of 2nd period - Shot Misses the Net.
9:17 of 2nd period - Shot by Milan Michalek.
9:17 of 2nd period - Shot Misses the Net.
9:19 of 2nd period - Shot by Dion Phaneuf.
9:19 of 2nd period - Stopped by Jason LaBarbera without a rebound.
9:20 of 2nd period - Martin Hanzal wins face-off versus Chris Stewart in Canucks zone.
9:24 of 2nd period - Off-side.
9:25 of 2nd period - David Steckel wins face-off versus Martin Hanzal in neutral zone.
9:42 of 2nd period - Off-side.
9:43 of 2nd period - Sidney Crosby wins face-off versus Brooks Laich in neutral zone.
10:16 of 2nd period - Minor Penalty to Duncan Keith for Hooking.
10:17 of 2nd period - Jay McClement wins face-off versus Sidney Crosby in Canucks zone.
10:33 of 2nd period - Off-side.
10:34 of 2nd period - Jason Spezza wins face-off versus Jay McClement in neutral zone.
10:34 of 2nd period - Jason Spezza is hit by Martin Hanzal.
10:38 of 2nd period - Jay McClement is hit by Marian Gaborik and loses puck.
10:49 of 2nd period - Shot by Jason Spezza.
10:49 of 2nd period - Shot Blocked by Martin Hanzal.
10:51 of 2nd period - Shot by Dion Phaneuf.
10:51 of 2nd period - Stopped by Jason LaBarbera without a rebound.
10:52 of 2nd period - Sidney Crosby wins face-off versus Jay McClement in Canucks zone.
10:53 of 2nd period - Shot by Jay Bouwmeester.
10:53 of 2nd period - Shot Blocked by Fedor Tyutin.
13:10 of 2nd period - Shot by Loui Eriksson.
13:10 of 2nd period - Shot Blocked by Dion Phaneuf.
13:14 of 2nd period - Shot by Joe Thornton.
13:14 of 2nd period - Shot Misses the Net.
13:25 of 2nd period - Shot by Tomas Holmstrom.
13:25 of 2nd period - Shot Blocked by Jaroslav Spacek.
13:27 of 2nd period - Shot by Joe Thornton.
13:27 of 2nd period - Shot Blocked by Dion Phaneuf.
13:47 of 2nd period - Sidney Crosby is hit by Tomas Holmstrom and loses puck.
13:51 of 2nd period - Filip Kuba is hit by Joe Thornton.
14:02 of 2nd period - Icing by Ian White.
14:03 of 2nd period - Joe Thornton wins face-off versus Jason Spezza in Canucks zone.
15:22 of 2nd period - Icing by Fedor Tyutin.
15:23 of 2nd period - Martin Hanzal wins face-off versus Sidney Crosby in Canucks zone.
15:59 of 2nd period - Shot by Brandon Sutter.
15:59 of 2nd period - Deflect By Corey Perry.
15:59 of 2nd period - Shot Misses the Net.
16:01 of 2nd period - Shot by Brandon Sutter.
16:01 of 2nd period - Shot Misses the Net.
16:05 of 2nd period - Shot by Brandon Sutter.
16:05 of 2nd period - Stopped by Brian Elliott with a rebound.
16:19 of 2nd period - Shot by Brooks Laich.
16:19 of 2nd period - Stopped by Brian Elliott without a rebound.
16:20 of 2nd period - Jason Spezza wins face-off versus Joe Thornton in Senators zone.
16:43 of 2nd period - Shot by Jason Spezza.
16:43 of 2nd period - Shot Misses the Net.
16:45 of 2nd period - Shot by Jason Spezza.
16:45 of 2nd period - Stopped by Jason LaBarbera with a rebound.
16:49 of 2nd period - Shot by Milan Michalek.
16:49 of 2nd period - Shot Blocked by Ian White.
16:51 of 2nd period - Shot by Marian Gaborik.
16:51 of 2nd period - Stopped by Jason LaBarbera without a rebound.
16:52 of 2nd period - Jay McClement wins face-off versus Jordan Staal in Canucks zone.
17:15 of 2nd period - Corey Perry is hit by Karlis Skrastins and loses puck.
17:25 of 2nd period - Icing by Karlis Skrastins.
17:26 of 2nd period - Jordan Staal wins face-off versus Martin Hanzal in Senators zone.
17:26 of 2nd period - Jaroslav Spacek is hit by David Backes and loses puck.
17:37 of 2nd period - Shot by Joe Thornton.
17:37 of 2nd period - Deflect By David Backes.
17:37 of 2nd period - Goal by David Backes - Senators : 2 - Canucks : 2.
17:38 of 2nd period - Jason Spezza wins face-off versus Joe Thornton in neutral zone.
17:43 of 2nd period - Shot by Marian Gaborik.
17:43 of 2nd period - Deflect By Jason Spezza.
17:43 of 2nd period - Goal by Jason Spezza - Senators : 3 - Canucks : 2.
17:44 of 2nd period - Joe Thornton wins face-off versus Jason Spezza in neutral zone.
17:47 of 2nd period - Shot by Tomas Holmstrom.
17:47 of 2nd period - Goal by Tomas Holmstrom - Senators : 3 - Canucks : 3.
17:48 of 2nd period - Martin Hanzal wins face-off versus Jason Spezza in neutral zone.
17:58 of 2nd period - Dion Phaneuf is hit by Mike Komisarek and loses puck.
18:02 of 2nd period - Icing by Mike Komisarek.
18:03 of 2nd period - Martin Hanzal wins face-off versus Sidney Crosby in Canucks zone.
18:08 of 2nd period - Sidney Crosby is hit by David Backes and loses puck.
19:05 of 2nd period - Shot by Jason Spezza.
19:05 of 2nd period - Stopped by Jason LaBarbera with a rebound.
19:07 of 2nd period - Shot by Jason Spezza.
19:07 of 2nd period - Stopped by Jason LaBarbera with a rebound.
19:09 of 2nd period - Shot by Jason Spezza.
19:09 of 2nd period - Stopped by Jason LaBarbera without a rebound.
19:10 of 2nd period - Brandon Sutter wins face-off versus Jordan Staal in Canucks zone.
19:10 of 2nd period - Brandon Sutter is hit by Chris Stewart.
19:37 of 2nd period - Shot by Brooks Laich.
19:37 of 2nd period - Shot Misses the Net.

Period #3

0:01 of 3rd period - Joe Thornton wins face-off versus Sidney Crosby in neutral zone.
0:20 of 3rd period - Shot by Daniel Briere.
0:20 of 3rd period - Shot Misses the Net.
0:36 of 3rd period - Shot by Tomas Holmstrom.
0:36 of 3rd period - Deflect By Loui Eriksson.
0:36 of 3rd period - Stopped by Brian Elliott without a rebound.
0:37 of 3rd period - Corey Perry wins face-off versus Jason Spezza in Senators zone.
0:54 of 3rd period - Shot by Duncan Keith.
0:54 of 3rd period - Shot Blocked by Trevor Daley.
2:18 of 3rd period - Loui Eriksson is hit by Jordan Staal.
3:48 of 3rd period - Jason Spezza is hit by Erik Karlsson and loses puck.
3:55 of 3rd period - Shot by Jason Spezza.
3:55 of 3rd period - Shot Misses the Net.
3:57 of 3rd period - Shot by Marian Gaborik.
3:57 of 3rd period - Stopped by Jason LaBarbera with a rebound.
3:59 of 3rd period - Shot by Milan Michalek.
3:59 of 3rd period - Goal by Milan Michalek - Senators : 4 - Canucks : 3.
4:00 of 3rd period - Martin Hanzal wins face-off versus David Steckel in neutral zone.
4:16 of 3rd period - David Backes is hit by Karlis Skrastins and loses puck.
5:44 of 3rd period - Shot by Martin Hanzal.
5:44 of 3rd period - Stopped by Brian Elliott without a rebound.
5:45 of 3rd period - Martin Hanzal wins face-off versus Jason Spezza in Senators zone.
5:58 of 3rd period - Shot by Jason Spezza.
5:58 of 3rd period - Shot Misses the Net.
6:00 of 3rd period - Shot by Dion Phaneuf.
6:00 of 3rd period - Shot Misses the Net.
6:02 of 3rd period - Shot by Trevor Daley.
6:02 of 3rd period - Stopped by Jason LaBarbera without a rebound.
6:03 of 3rd period - Jason Spezza wins face-off versus Martin Hanzal in Canucks zone.
6:32 of 3rd period - Shot by Loui Eriksson.
6:32 of 3rd period - Shot Misses the Net.
6:34 of 3rd period - Shot by Tomas Holmstrom.
6:34 of 3rd period - Stopped by Brian Elliott with a rebound.
7:25 of 3rd period - Shot by Brandon Sutter.
7:25 of 3rd period - Shot Misses the Net.
7:27 of 3rd period - Shot by Corey Perry.
7:27 of 3rd period - Stopped by Brian Elliott with a rebound.
7:29 of 3rd period - Shot by Duncan Keith.
7:29 of 3rd period - Shot Blocked by Daniel Briere.
7:31 of 3rd period - Shot by Erik Karlsson.
7:31 of 3rd period - Shot Misses the Net.
7:55 of 3rd period - Shot by David Backes.
7:55 of 3rd period - Stopped by Brian Elliott without a rebound.
7:56 of 3rd period - Jordan Staal wins face-off versus Jay McClement in Senators zone.
8:18 of 3rd period - Jordan Staal is hit by David Backes and loses puck.
8:23 of 3rd period - Shot by David Backes.
8:23 of 3rd period - Deflect By Jay McClement.
8:23 of 3rd period - Stopped by Brian Elliott without a rebound.
8:24 of 3rd period - Jason Spezza wins face-off versus Joe Thornton in Senators zone.
8:29 of 3rd period - Trevor Daley is hit by Tomas Holmstrom and loses puck.
9:58 of 3rd period - Shot by Jay Bouwmeester.
9:58 of 3rd period - Shot Misses the Net.
10:00 of 3rd period - Shot by Filip Kuba.
10:00 of 3rd period - Shot Blocked by Mike Komisarek.
10:04 of 3rd period - Shot by Sidney Crosby.
10:04 of 3rd period - Shot Misses the Net.
10:08 of 3rd period - Shot by Sidney Crosby.
10:08 of 3rd period - Stopped by Jason LaBarbera without a rebound.
10:09 of 3rd period - Brandon Sutter wins face-off versus Jason Spezza in Canucks zone.
10:32 of 3rd period - Minor Penalty to Milan Michalek for Hooking.
10:33 of 3rd period - Jordan Staal wins face-off versus Joe Thornton in Senators zone.
10:33 of 3rd period - Jordan Staal is hit by Loui Eriksson.
10:51 of 3rd period - Shot by Duncan Keith.
10:51 of 3rd period - Stopped by Brian Elliott without a rebound.
10:52 of 3rd period - Jordan Staal wins face-off versus David Backes in Senators zone.
11:11 of 3rd period - Shot by Brandon Sutter.
11:11 of 3rd period - Shot Blocked by Trevor Daley.
11:24 of 3rd period - Icing by Matthew Carle.
11:25 of 3rd period - David Steckel wins face-off versus Brandon Sutter in Canucks zone.
11:55 of 3rd period - Icing by Joe Thornton.
11:56 of 3rd period - David Steckel wins face-off versus Joe Thornton in Canucks zone.
12:11 of 3rd period - Shot by Loui Eriksson.
12:11 of 3rd period - Stopped by Brian Elliott without a rebound.
12:12 of 3rd period - Jordan Staal wins face-off versus Corey Perry in Senators zone.
12:59 of 3rd period - Shot by Filip Kuba.
12:59 of 3rd period - Shot Misses the Net.
13:37 of 3rd period - Shot by Corey Perry.
13:37 of 3rd period - Shot Blocked by Dion Phaneuf.
13:39 of 3rd period - Shot by Brooks Laich.
13:39 of 3rd period - Stopped by Brian Elliott without a rebound.
13:40 of 3rd period - Jordan Staal wins face-off versus Joe Thornton in Senators zone.
13:47 of 3rd period - Icing by Ian White.
13:48 of 3rd period - David Steckel wins face-off versus Joe Thornton in Canucks zone.
14:01 of 3rd period - Icing by Karlis Skrastins.
14:02 of 3rd period - Jay McClement wins face-off versus David Steckel in Senators zone.
14:02 of 3rd period - Jay McClement is hit by Jaroslav Spacek.
14:03 of 3rd period - Minor Penalty to Jaroslav Spacek for Interference.
14:04 of 3rd period - Jordan Staal wins face-off versus Brandon Sutter in Senators zone.
14:04 of 3rd period - Karlis Skrastins is hit by David Backes and loses puck.
14:13 of 3rd period - Shot by Matthew Carle.
14:13 of 3rd period - Shot Misses the Net.
15:19 of 3rd period - Shot by Joe Thornton.
15:19 of 3rd period - Stopped by Brian Elliott without a rebound.
15:20 of 3rd period - Corey Perry wins face-off versus David Steckel in Senators zone.
15:43 of 3rd period - Shot by Corey Perry.
15:43 of 3rd period - Shot Misses the Net.
15:45 of 3rd period - Shot by Joe Thornton.
15:45 of 3rd period - Shot Misses the Net.
15:49 of 3rd period - Shot by Loui Eriksson.
15:49 of 3rd period - Deflect By Corey Perry.
15:49 of 3rd period - Shot Misses the Net.
16:05 of 3rd period - Shot by Marian Gaborik.
16:05 of 3rd period - Shot Misses the Net.
16:15 of 3rd period - Shot by Trevor Daley.
16:15 of 3rd period - Stopped by Jason LaBarbera with a rebound.
16:20 of 3rd period - Jason Spezza is hit by Fedor Tyutin and loses puck.
16:22 of 3rd period - Minor Penalty to Mike Komisarek for Interference.
16:23 of 3rd period - Jason Spezza wins face-off versus Jay McClement in Canucks zone.
16:30 of 3rd period - Shot by Jaroslav Spacek.
16:30 of 3rd period - Stopped by Jason LaBarbera with a rebound.
16:32 of 3rd period - Shot by Filip Kuba.
16:32 of 3rd period - Shot Blocked by Matthew Carle.
16:34 of 3rd period - Shot by Filip Kuba.
16:34 of 3rd period - Shot Misses the Net.
16:36 of 3rd period - Shot by Jason Spezza.
16:36 of 3rd period - Stopped by Jason LaBarbera without a rebound.
16:37 of 3rd period - Martin Hanzal wins face-off versus Sidney Crosby in Canucks zone.
16:48 of 3rd period - Icing by Sidney Crosby.
16:49 of 3rd period - Martin Hanzal wins face-off versus Sidney Crosby in Senators zone.
16:54 of 3rd period - Shot by Brooks Laich.
16:54 of 3rd period - Stopped by Brian Elliott with a rebound.
16:57 of 3rd period - Icing by Dion Phaneuf.
16:58 of 3rd period - Chris Stewart wins face-off versus Jay McClement in Senators zone.
17:45 of 3rd period - Shot by Brooks Laich.
17:45 of 3rd period - Stopped by Brian Elliott without a rebound.
17:46 of 3rd period - Jay McClement wins face-off versus Jason Spezza in Senators zone.
18:27 of 3rd period - Shot by Chris Stewart.
18:27 of 3rd period - Shot Misses the Net.
19:03 of 3rd period - Canucks, Jason LaBarbera is pulled from the net.
19:29 of 3rd period - Shot by Daniel Briere.
19:29 of 3rd period - Goal by Daniel Briere - Senators : 5 - Canucks : 3.
19:29 of 3rd period - Jason LaBarbera from Canucks was sent back in the game.
19:30 of 3rd period - Brandon Sutter wins face-off versus Guillaume Latendresse in neutral zone.
19:38 of 3rd period - Icing by Jay Bouwmeester.
19:39 of 3rd period - Brandon Sutter wins face-off versus Marian Gaborik in Senators zone.
19:39 of 3rd period - Brandon Sutter is hit by Filip Kuba.
19:46 of 3rd period - Icing by Filip Kuba.
19:47 of 3rd period - Brandon Sutter wins face-off versus Marian Gaborik in Senators zone.
19:47 of 3rd period - Corey Perry is hit by Jay Bouwmeester.
19:59 of 3rd period - Shot by Brandon Sutter.
19:59 of 3rd period - Stopped by Brian Elliott with a rebound.


Output by the SimonT Hockey Simulator (STHS) for Stephane Roy -- Original Page W3C XHTML 1.0 Valid